AoeStats
← Shmug

Fortress

509919798Analyzed
3v3 RM · 2d ago on Sep 28, 2026· 52m 28s· 6 players
Game mode
Random Map
Map size
Large (8 player)
Population
200
Speed
Normal
Resources
Standard
Victory
Conquest
Starting age
Dark Age
Ending age
Imperial Age
RankedLock teamsTeams togetherTeam positionsShared explorationLock speedFull tech treeHidden civsTurbo modeCheats
Victory
Defeat
🇮🇳 Danes · India
1230
+14
🇮🇳 Bohemians · India
1160
+17
🇮🇳 Khmer · India
1119
+18
🇩🇪 Japanese · Germany
1222
-18
🇨🇦 Varangians · Canada
1179
-16
🇬🇧 Sicilians · United Kingdom
1145
-15
ANGELSK3956
7:15 Feudal Age
8:38 Loom
11:33 Castle Age
9:56 Double-Bit Axe
9:52 Horse Collar
12:35 Bow Saw
14:52 Bow Saw
18:00 Wheelbarrow
18:33 Town Watch
19:27 Fletching
22:05 Bodkin Arrow
23:30 Heavy Plow
26:07 Hand Cart
30:09 Imperial Age
28:54 Chemistry
29:26 Padded Archer Armor
29:49 Town Patrol
30:14 Fortified Wall
30:00 Murder Holes
32:55 Leather Archer Armor
33:44 Siege Engineers
35:44 Ring Archer Armor
37:17 Elite Skirmisher
37:42 Houfnice
38:41 Bracer
39:03 Ballistics
39:33 Masonry
40:10 Conscription
39:59 Wagenburg Tactics
42:12 Architecture
42:27 Guilds
42:48 Coinage
42:18 Caravan
44:16 Banking
46:00 Sappers
Sythe
7:38 Feudal Age
11:04 Castle Age
9:13 Double-Bit Axe
9:28 Horse Collar
11:10 Wheelbarrow
12:41 Bow Saw
13:39 Heavy Plow
18:42 Gold Mining
18:43 Stone Mining
21:16 Gold Shaft Mining
21:20 Stone Shaft Mining
23:25 Loom
26:46 Imperial Age
24:41 Ballistics
24:32 Fortified Wall
25:03 Gold Shaft Mining
25:01 Bloodlines
25:12 Husbandry
24:59 Light Cavalry
26:09 Forging
26:10 Scale Barding Armor
27:07 Elite Ballista Elephant
28:06 Double Crossbow
29:29 Chemistry
28:53 Padded Archer Armor
30:49 Iron Casting
30:35 Chain Barding Armor
30:30 Leather Archer Armor
33:08 Hussar
43:13 Elite Battle Elephant
44:55 Blast Furnace
44:30 Plate Barding Armor
TigerOfThanjai
7:13 Feudal Age
11:04 Castle Age
9:23 Double-Bit Axe
10:15 Horse Collar
16:05 Loom
19:55 Heavy Plow
21:46 Bow Saw
21:41 Squires
26:06 Imperial Age
24:30 Gold Mining
25:23 Wheelbarrow
24:21 Hamask
24:49 Arson
26:22 Scale Mail Armor
27:20 Chain Mail Armor
27:10 Stone Mining
27:58 Gold Shaft Mining
27:30 Elite Jomsviking
28:07 Elite Skirmisher
28:39 Fletching
29:00 Padded Archer Armor
29:29 Ballistics
29:21 Forging
29:35 Bodkin Arrow
30:28 Hand Cart
30:53 Conscription
31:49 Plate Mail Armor
32:22 Iron Casting
32:17 Bracer
33:19 Chemistry
34:54 Blast Furnace
35:59 Onager
37:25 Siege Engineers
37:37 Leather Archer Armor
37:56 Siege Onager
40:01 Northmen's Fury
45:36 Murder Holes
45:52 Masonry
46:20 Hoardings
Waldmann
7:12 Feudal Age
6:56 Loom
7:25 Loom
11:56 Castle Age
10:20 Horse Collar
10:52 Double-Bit Axe
18:38 Stone Mining
18:51 Gold Mining
19:08 Heavy Plow
20:23 Wheelbarrow
20:42 Bow Saw
25:59 Imperial Age
24:04 Scale Mail Armor
24:08 Squires
25:27 Chain Mail Armor
25:23 Forging
26:34 Hand Cart
26:11 Town Watch
27:11 Plate Mail Armor
27:15 Elite Samurai
29:08 Two-Man Saw
29:15 Iron Casting
28:59 Town Patrol
28:52 Fletching
28:56 Arson
32:27 Blast Furnace
31:35 Onager
34:13 Conscription
35:05 Gold Shaft Mining
36:10 Chemistry
48:31 Caravan
49:02 Coinage
49:25 Hoardings
Whitebear
7:34 Feudal Age
11:14 Castle Age
9:29 Double-Bit Axe
9:56 Horse Collar
10:40 Gold Mining
12:04 Bow Saw
12:06 Heavy Plow
13:59 Loom
17:03 Town Watch
18:21 Wheelbarrow
21:42 Hand Cart
22:15 Bloodlines
23:17 Stone Mining
26:25 Imperial Age
23:45 Treadmill Crane
24:12 Scale Mail Armor
24:19 Scale Barding Armor
24:06 Fletching
24:14 Arson
24:48 Forging
25:47 Chain Mail Armor
26:45 Chain Barding Armor
26:29 Squires
26:16 Gambesons
26:29 Bodkin Arrow
26:37 Husbandry
27:28 Conscription
27:34 Ballistics
28:14 Chemistry
28:19 Two-Man Saw
28:00 Crop Rotation
28:28 Plate Mail Armor
28:52 Iron Casting
28:31 Town Patrol
28:02 Capped Ram
28:21 Pikeman
29:20 Masonry
29:17 Halberdier
29:41 Gothikon
30:21 Elite Varangian Guard
31:36 Bracer
32:14 Elite Jarl
33:14 Siege Engineers
35:53 Blast Furnace
35:06 Padded Archer Armor
34:32 Light Cavalry
35:32 Murder Holes
36:08 Architecture
37:23 Hussar
39:29 Leather Archer Armor
40:20 Plate Barding Armor
42:51 Guard Tower
43:15 Fortified Wall
42:55 Cavalier
46:36 Vendel Legacy
48:10 Caravan
48:23 Guilds
48:44 Coinage
Shmug
2:34 Loom
7:36 Feudal Age
11:50 Castle Age
10:25 Double-Bit Axe
10:22 Horse Collar
11:25 Fletching
12:36 Gold Mining
17:42 Bodkin Arrow
18:34 Scale Mail Armor
19:56 Forging
20:47 Ballistics
21:52 Arson
22:08 Squires
23:23 Wheelbarrow
23:40 Chain Mail Armor
23:26 Padded Archer Armor
25:45 Hand Cart
26:58 Bow Saw
29:59 Imperial Age
30:20 Cranequins
30:47 Heavy Mounted Crossbowman
33:00 Chemistry
32:51 Bracer
33:09 Leather Archer Armor
36:10 Conscription
37:44 Masonry
37:20 Arrowslits
38:24 Caravan
43:11 Husbandry
43:21 Bloodlines
47:24 Elite Skirmisher
Connection lost

Rejoining the realm…

Still unreachable

The connection could not be restored.

Session expired

The server has moved on; the page needs a fresh start.